 Dungeon Crawl Stone Soup version 0.24.0-2-g5b39cebb1c (webtiles) character file.

Game seed: 16129826499938972593, levelgen mode: deterministic

129 Nivan the Conjurer (level 4, -1/33 HPs)
             Began as a Draconian Conjurer on Oct 30, 2019.
             Was an Initiate of Vehumet.
             Killed by divine providence
             ... invoked by an orc priest
              (7 damage)
             ... on level 4 of the Dungeon.
             The game lasted 00:07:11 (2013 turns).

Nivan the Conjurer (Draconian Conjurer)             Turns: 2013, Time: 00:07:12

Health: -1/33      AC:  8    Str: 10    XL:     4   Next: 88%
Magic:  6/8        EV: 12    Int: 17    God:    Vehumet [......]
Gold:   41         SH:  0    Dex: 11    Spells: 7/8 levels left

rFire    . . .     SeeInvis .   c - +0 whip (flame)
rCold    . . .     Gourm    .   (no shield)
rNeg     . . .     Faith    .   (armour unavailable)
rPois    .         Spirit   .   (helmet restricted)
rElec    .         Reflect  .   (no cloak)
rCorr    .         Harm     .   e - +0 pair of gloves (curse)
MR       .....                  (no boots)
Stlth    ++........             (no amulet)
HPRegen  0.11/turn              g - +2 ring of protection
MPRegen  0.11/turn              (no ring)

@: no status effects
A: unfitting armour, cold-blooded, AC +5
a: Renounce Religion


You were on level 4 of the Dungeon.
You worshipped Vehumet.
Vehumet was noncommittal.
You were hungry.

You visited 1 branch of the dungeon, and saw 4 of its levels.

You collected 41 gold pieces.

Inventory:

Hand Weapons
 c - a +0 whip of flaming (weapon)
 f - a +0 mace
Armour
 e - a cursed +0 pair of gloves (worn)
Jewellery
 a - an uncursed amulet of faith
 g - a +2 ring of protection (left hand)
Scrolls
 d - 3 scrolls of identify {unknown}
 i - a scroll of remove curse {unknown}
Potions
 h - a potion of flight {unknown}
Comestibles
 b - 3 rations
 j - a chunk of flesh


   Skills:
 + Level 0.2 Fighting
 + Level 0.2 Maces & Flails
 + Level 2.2 Dodging
 + Level 2.1 Stealth
 + Level 2.8 Spellcasting
 + Level 5.3 Conjurations


You had 7 spell levels left.
You knew the following spells:

 Your Spells              Type           Power        Failure   Level  Hunger
a - Magic Dart            Conj           ###.         1%          1    #......

Your spell library contained the following spells:

 Spells                   Type           Power        Failure   Level  Hunger
 Searing Ray              Conj           ###...       3%          2    ##.....
 Dazzling Spray           Conj/Hex       ##....       19%         3    ###....
 Iskenderun's Mystic Bla  Conj           ###.....     21%         4    #####..
 Force Lance              Conj/Tloc      ##......     52%         4    #####..
 Fulminant Prism          Conj/Hex       ##........   52%         4    #####..


Dungeon Overview and Level Annotations

Branches:
Dungeon (4/15)
 Temple: D:4-7

Altars:
Vehumet


Innate Abilities, Weirdness & Mutations

Your plain brown scales are hard. (AC +5)
You cannot fit into any form of body armour.
You are cold-blooded and may be slowed by cold attacks.


Message History

Aim: an orc priest, wielding a +0 hand axe (moderately wounded)
The magic dart hits the orc priest.
The orc priest is heavily wounded.
You hit the orc priest. You burn the orc priest.
The orc priest is severely wounded.
The orc priest looks braver for a moment.
You barely miss the orc priest.
The orc priest is severely wounded.
The orc priest hits you with a +0 hand axe.
You barely miss the orc priest.
Your tail-slap misses the orc priest.
The orc priest is severely wounded.
The orc priest mumbles some strange prayers to Beogh against you.
Beogh smites you!
* * * LOW HITPOINT WARNING * * *
The orc priest barely misses you.
You hit the orc priest. You burn the orc priest.
The orc priest is almost dead.
The orc priest calls down the wrath of Beogh upon you.
Beogh smites you!
You die... #.......# ##.......# .......<# ....... ..o.. .oo

#o#
#####@#
#...#.#
#.รท.#.#
#..)#.#
#...#.#
##)##.#
#.##.#
#.##.#
#.#..#


You could see an orc priest and 3 orcs.

Vanquished Creatures
  2 orc wizards (D:4)
  An adder (D:3)
  2 gnolls (D:2)
  A dart slug (D:1)
  A leopard gecko (D:2)
  3 orcs
  2 giant cockroaches
  4 goblins
  5 hobgoblins
  7 jackals
  A quokka (D:3)
  2 bats (D:1)
  A frilled lizard (D:1)
  4 kobolds
  4 rats
40 creatures vanquished.

Notes
Turn   | Place    | Note
-------+----------+-------------------------------------------
     0 | D:1      | Nivan the Draconian Conjurer began the quest for the Orb.
     0 | D:1      | Reached XP level 1. HP: 14/14 MP: 3/3
   394 | D:1      | Reached XP level 2. HP: 20/20 MP: 0/5
  1002 | D:2      | Reached XP level 3. HP: 26/26 MP: 0/6
  1353 | D:3      | Reached skill level 5 in Conjurations
  1527 | D:3      | Found a radiant altar of Vehumet.
  1534 | D:3      | Became a worshipper of Vehumet
  1650 | D:3      | Reached XP level 4. HP: 33/33 MP: 1/7
  2013 | D:4      | Killed from afar by an orc priest

Levels and vault maps discovered:
D:1:      dpeg_arrival_long_road, layout_loops_ring
D:2:      wad_river_or_something, layout_basic
D:3:      layout_basic, lemuel_coloured_pillars_altar, corexii_corridor_pit,
          grunt_ministairs_9, wad_floor_pattern_2
D:4:      layout_rooms, first_ration, uniq_ijyb

Skill      XL: |  1  2  3 |
---------------+----------+-----
Dodging        | 2 |  2.2
Conjurations   | 5 |  5.3
Stealth        | 2 |  2.1
Fighting       | |  0.2
Maces & Flails | |  0.2
Spellcasting   | |  2.8

Action                   |  1- 3 |  4- 6 || total
-------------------------+-------+-------++-------
Melee: Whip              |    25 |     8 ||    33
       Tailslap          |     2 |       ||     2
 Cast: Magic Dart        |    73 |    16 ||    89
  Eat: Chunk             |     3 |     1 ||     4
Armor: Skin              |    19 |     3 ||    22
Dodge: Dodged            |    21 |    10 ||    31
